 Dungeon Crawl Stone Soup version 0.29.1-15-g9cfb28693d (webtiles) character file.

Game seed: 5590657989252527609

333 Hugehornet the Covered (level 6, -7/39 HPs)
             Began as a Gargoyle Fighter on Mar 16, 2023.
             Mangled by an ogre
             ... wielding a +0 giant club
              (30 damage)
             ... on level 4 of the Dungeon.
             The game lasted 00:07:50 (4220 turns).

Hugehornet the Covered (Gargoyle Fighter)           Turns: 4220, Time: 00:07:50

Health: -7/39      AC: 17    Str: 20    XL:     6   Next: 53%
Magic:  6/6        EV:  7    Int: 10    God:
Gold:   176        SH:  4    Dex:  9    Spells: 5/5 levels left

rFire   . . .      SeeInvis .   a - +0 flail
rCold   . . .      Faith    .   c - +0 buckler
rNeg    + . .      Spirit   .   s - +0 chain mail
rPois   ∞          Reflect  .   (no helmet)
rElec   +          Harm     .   (no cloak)
rCorr   .          Rampage  +   (no gloves)
Will    .....                   j - +2 pair of boots {rampage}
Stlth   ..........              (no amulet)
HPRegen 0.13/turn               (no ring)
MPRegen 0.10/turn               (no ring)

@: no status effects
A: sickness immunity, AC +4, negative energy resistance 1, electricity
resistance, torment resistance 1, petrification resistance
a: no special abilities


You were on level 4 of the Dungeon.
You visited 1 branch of the dungeon, and saw 4 of its levels.
You also visited: Sewer.

You collected 176 gold pieces.

Inventory:

Hand Weapons
 a - a +0 flail (weapon)
Armour
 b - a +0 scale mail
 c - a +0 buckler (worn)
 j - a +2 pair of boots of rampaging (worn)
 s - a +0 chain mail (worn)
Jewellery
 u - a ring of willpower
Scrolls
 f - 2 scrolls of teleportation {unknown}
 i - 4 scrolls of identify {unknown}
 l - a scroll of vulnerability {unknown}
 m - a scroll of magic mapping {unknown}
 n - 3 scrolls of blinking {unknown}
 o - a scroll of immolation {unknown}
 v - a scroll of poison {unknown}
 x - a scroll of fear {unknown}
 y - a scroll of summoning {unknown}
Potions
 d - a potion of mutation {unknown}
 e - 3 potions of invisibility
 g - a potion of attraction {unknown}
 h - a potion of brilliance {unknown}
 k - a potion of ambrosia {unknown}
 p - a potion of heal wounds {unknown}
 q - 2 potions of curing
 r - 2 potions of magic {unknown}
 t - 2 potions of haste {unknown}
 w - a potion of resistance {unknown}


   Skills:
 + Level 4.6 Fighting
 * Level 4.0 Maces & Flails
 * Level 5.1 Armour
 - Level 4.3 Shields


You had 5 spell levels left.
You didn't know any spells.
Your spell library contained the following spells:

 Spells                   Type           Power      Damage    Failure   Level
 Sting                    Tmut/Pois      0%         1d3       99%         1
 Ensorcelled Hibernation  Hex/Ice        0%         N/A       100%        2
 Passwall                 Tmut/Erth      0%         N/A       100%        2
 Poisonous Vapours        Pois/Air       0%         N/A       100%        2
 Swiftness                Air            0%         N/A       100%        3
 Olgreb's Toxic Radiance  Pois           0%         N/A       100%        4


Dungeon Overview and Level Annotations

Branches:
Dungeon (4/15)              Sewer (visited)
 Temple: D:4-7

Altars:
Hepliaklqana
Ru


Innate Abilities, Weirdness & Mutations

You are immune to sickness and miasma.
Your stone body is resilient. (AC +4)
You are immune to poison.
You resist negative energy. (rN+)
You are resistant to electric shocks. (rElec)
You are resistant to unholy torment.
You are immune to petrification.


Message History

The endoplasm freezes you.
You are frozen.
The kobold hits you but does no damage.
You sock the kobold!
You kill the kobold!
The endoplasm hits you but does no damage.
Your Maces & Flails skill increases to level 4!
You hit the endoplasm but do no damage. The endoplasm freezes you.
You are frozen.
The endoplasm freezes you.
You are frozen.
You sock the endoplasm!
You kill the endoplasm!
No target in view!
No target in view!
HP restored.
You see here a +2 short sword of freezing.
There is an open door here.
Done exploring.
Done exploring.
Done exploring.
No target in view!
Done exploring.
Unknown command.
Unknown command.
There is a stone staircase leading down here.
You climb downwards.
The ogre shouts!
Found a sling.
There is a stone staircase leading up here.
An ogre is nearby!
Okay, then.
You hit the ogre.
The ogre is lightly wounded.
The ogre hits you with a +0 giant club!
You hit the ogre.
The ogre is lightly wounded.
The ogre hits you with a +0 giant club!!
Ouch! That really hurt!
You die...

# #######
..##...).##
.........<##
...........#
......O@...#
...........#
...........#
...........#
...........#
............
..##.....###.
## #..#### ..


You could see an ogre.

Vanquished Creatures
  2 bullfrogs (Sewer)
  4 river rats (Sewer)
  8 adders
  4 worms (D:2)
  5 endoplasms
  3 giant cockroaches
  4 goblins
  3 hobgoblins
  9 jackals
  A quokka (D:3)
  13 ball pythons
  5 bats
  4 frilled lizards
  5 kobolds
  28 rats
98 creatures vanquished.

Notes
Turn   | Place    | Note
-------+----------+-------------------------------------------
     0 | D:1      | Hugehornet the Gargoyle Fighter began the quest for the
                  | Orb.
     0 | D:1      | Reached XP level 1. HP: 14/14 MP: 1/1
   452 | D:1      | Reached XP level 2. HP: 18/19 MP: 2/2
  1038 | D:1      | Reached XP level 3. HP: 23/23 MP: 3/3
  1710 | D:2      | Reached XP level 4. HP: 24/29 MP: 4/4
  2282 | D:3      | Found a hazy altar of Hepliaklqana.
  2307 | D:3      | Reached skill level 4 in Armour
  2355 | D:3      | Found a faded altar of an unknown god.
  2425 | D:3      | Found a sacrificial altar of Ru.
  2518 | D:3      | Found a glowing drain.
  2522 | Sewer    | Entered a sewer
  2570 | Sewer    | Reached XP level 5. HP: 28/33 MP: 5/5
  3378 | Sewer    | Reached XP level 6. HP: 24/39 MP: 6/6
  3388 | Sewer    | Reached skill level 5 in Armour
  4220 | D:4      | Mangled by an ogre

Illustrated notes

Levels and vault maps discovered:
D:1:      lightli_iron_boxes, layout_basic
D:2:      layout_loops_cross
D:3:      layout_basic, general_overflow_altar, nicolae_ru_path_of_blood,
          gup_sewer_entry_bowl, shapermc_ecumenical_altar_totnotflames
D:4:      layout_rooms

Skill      XL: |  1  2  3  4  5  6 |
---------------+-------------------+-----
Shields        | 4 |  4.3
Fighting       | 4 |  4.6
Armour         | 4 5 |  5.1
Maces & Flails | 3 4 |  4.0

Action                   |  1- 3 |  4- 6 || total
-------------------------+-------+-------++-------
Melee: Flail             |   123 |   232 ||   355
  Use: Potion            |       |     3 ||     3
 Stab: Invisible         |       |     1 ||     1
Armor: Scale mail        |    85 |    25 ||   110
       Chain mail        |       |   234 ||   234
Dodge: Dodged            |    73 |   160 ||   233
Block: Buckler           |    33 |    71 ||   104
